 Dungeon Crawl Stone Soup version 0.26-a0-651-gb41185065b (webtiles) character file.

Game seed: 4900671151376625762

(classic levelgen) 58071 EnegeticOcto the Severer (level 14, -2/127 HPs)
             Began as a Deep Dwarf Delver on Oct 23, 2020.
             Was an Elder of Makhleb.
             Slain by a ghost moth (4 damage)
             ... on level 4 of the Spider Nest.
             The game lasted 00:30:43 (3667 turns).

EnegeticOcto the Severer (Deep Dwarf Delver)        Turns: 3667, Time: 00:30:44

Health: -2/127     AC: 17    Str: 22 (24) XL:     14   Next: 48%
Magic:  1/6        EV:  5    Int: 18 (21) God:    Makhleb [****..]
Gold:   229        SH: 25    Dex: 13 (14) Spells: 17/19 levels left

rFire    . . .     SeeInvis .   a - +0 broad axe (vamp)
rCold    + . .     Faith    .   I - +2 tower shield "Boidd" {rC+ Str+3}
rNeg     + . .     Spirit   .   B - +0 plate armour
rPois    +         Reflect  +   m - +0 helmet
rElec    .         Harm     .   (no cloak)
rCorr    .         Rampage  .   (no gloves)
MR       ++...                  k - +1 pair of boots
Stlth    ..........             v - amulet of reflection
HPRegen  0.00/turn              l - ring of Velegala {Str+4 Int+6 Slay+6, =R}
MPRegen  0.10/turn              o - ring of poison resistance

@: mighty, non-regenerating
A: damage resistance, heal wounds, negative energy resistance 1, sense
surroundings 2, no regeneration
a: Heal Wounds, Minor Destruction, Lesser Servant of Makhleb, Major Destruction,
Renounce Religion


You were on level 4 of the Spider Nest.
You worshipped Makhleb.
Makhleb was greatly pleased with you.
You visited 5 branches of the dungeon, and saw 22 of its levels.

You collected 650 gold pieces.
You spent 421 gold pieces at shops.

Inventory:

Hand Weapons
 a - a +0 vampiric broad axe (weapon)
 h - a +1 war axe
 r - a +3 dagger of distortion
 u - a +1 war axe of draining
Missiles
 x - a curare-tipped dart (quivered)
Armour
 b - +0 swamp dragon scales
 k - a +1 pair of boots (worn)
 m - a +0 helmet (worn)
 n - a +0 chain mail
 t - the +6 scale mail of Fanaticism {Int+7}
   (You found it on level 3 of the Spider Nest)

   It affects your intelligence (+7).
 z - a +0 buckler
 B - a +0 plate armour (worn)
 I - the +2 tower shield "Boidd" (worn) {rC+ Str+3}
   (You found it on level 14 of the Dungeon)

   It affects your strength (+3).
   It protects you from cold.
Jewellery
 l - the ring of Velegala (left hand) {Str+4 Int+6 Slay+6, =R}
   (You found it on level 7 of the Dungeon)

   [ring of intelligence]

   It affects your strength (+4).
   It affects your intelligence (+6).
   It affects your accuracy and damage with ranged weapons and melee attacks
   (+6).
 o - a ring of poison resistance (right hand)
 q - a +6 ring of strength
 v - an amulet of reflection (around neck)
 G - a +6 ring of intelligence
 M - an uncursed ring of flight
Wands
 g - a wand of digging (1) {@v3}
Scrolls
 c - 4 scrolls of fog
 e - 2 scrolls of fear
 i - 3 scrolls of remove curse {@r2}
 y - a scroll of blinking
 C - a scroll of teleportation {@r3}
 D - a scroll of magic mapping {@r5}
 J - a scroll of vulnerability
Potions
 d - 3 potions of mutation
 f - 2 potions of haste {@q4}
 j - a potion of cancellation
 p - a potion of ambrosia
 s - 2 potions of stabbing
 A - a potion of flight
 E - 2 potions of brilliance
 F - 3 potions of might {@q3}


   Skills:
 + Level 8.9 Fighting
 - Level 18.0 Axes
 + Level 7.5 Armour
 - Level 3.1 Dodging
 - Level 6.3 Stealth
 * Level 10.6 Shields
 - Level 3.0 Spellcasting
 - Level 5.0 Translocations
 + Level 12.5 Invocations


You had 17 spell levels left.
You knew the following spells:

 Your Spells              Type           Power        Failure   Level
a - Blink                 Tloc           N/A          97%         2

Your spell library contained the following spells:

 Spells                   Type           Power        Failure   Level
 Foxfire                  Conj/Fire      #...         100%        1
 Magic Dart               Conj           #...         100%        1
 Call Imp                 Summ           #.......     100%        2
 Slow                     Hex            #.......     100%        2
 Conjure Flame            Conj/Fire      #.......     100%        3
 Mephitic Cloud           Conj/Pois/Air  #.......     100%        3
 Stone Arrow              Conj/Erth      #.....       100%        3
 Iskenderun's Mystic Bla  Conj/Tloc      ##......     100%        4
 Sticky Flame             Conj/Fire      #.......     100%        4
 Starburst                Conj/Fire      #.........   100%        6


Dungeon Overview and Level Annotations

Branches:
Dungeon (14/15)            Temple (1/1) D:6            Lair (4/6) D:8
 Spider (4/4) Lair:4          Orc (2/2) D:11            Elf (0/3) Orc:2
  Swamp: Lair:2-4    Shoals: Lair:2-4    Vaults: D:13-14

Altars:
Ashenzari
Elyvilon
Fedhas
Gozag
Hepliaklqana
Kikubaaqudgha
Makhleb
Nemelex Xobeh
Okawaru
Qazlal
Ru
Sif Muna
Uskayaw
Vehumet
Wu Jian
Xom
Yredelemnul
Zin
The Shining One
Beogh

Shops:
Orc:2 ?(?}


Innate Abilities, Weirdness & Mutations

You are resistant to damage.
You can heal yourself by infusing magical energy.
You resist negative energy. (rN+)
You passively map the area around you.
You do not regenerate.


Message History

Your shield and plate armour prevent you from hitting the tarantella.
The tarantella is almost dead.
You barely miss something. You slash the emperor scorpion!
You feel better.
You hit the moth of wrath.
You feel better.
You slash the redback! You miss something. You block the redback's attack.
The tarantella bites you.
The hornet struggles to get unstuck from the web.
You feel you are being watched by something.
Something hits you!
You feel clumsy. Something hits you but does no damage.
Something stings you but does no damage.
The emperor scorpion stings you!
* * * LOW HITPOINT WARNING * * *
You block the emperor scorpion's attack. x2
The redback bites you.
* * * LOW HITPOINT WARNING * * *
The tarantella bites you but does no damage.
Something hits you. x2
You feel dopey.
Something stings you but does no damage.
The hornet pulls away from the web.
Your neqoxec hits the redback! You slash the tarantella!
You feel better.
You kill the tarantella!
Makhleb accepts your kill.
You feel better.
You slash something! You completely miss the redback.
You slash the moth of wrath!
You feel better.
You slash the emperor scorpion!
You feel better.
You slash something!
You feel better. You block the redback's attack.
You block the moth of wrath's attack.
You block the emperor scorpion's attack. x2
The emperor scorpion claws you but does no damage.
The jumping spider leaps!
Something hits you but does no damage. Something hits you!
Something stings you but does no damage.
You block something's attack. Something hits you but does no damage.
Something stings you.
The jumping spider leaps!
The redback bites you!
You closely miss the redback.
The redback is almost dead.
You slash the moth of wrath!
You feel better.
You kill the moth of wrath!
Makhleb accepts your kill.
You feel better.
You hit the emperor scorpion but do no damage.
You miss something. You slice the hornet!! You hit something.
You block the hornet's attack. The emperor scorpion stings you.
The emperor scorpion barely misses you. The emperor scorpion claws you!
The redback barely misses you.
The jumping spider leaps!
Your neqoxec gestures.
The jumping spider leaps!
You feel you are being watched by something.
You block something's attack. Something hits you!
* * * LOW HITPOINT WARNING * * *
Something stings you but does no damage.
You block the hornet's attack.
The jumping spider pounces on your shadow imp.
Your shadow imp dies!
You feel you are being watched by something.
Something hits you but does no damage. x2
Something stings you but does no damage.
You feel much better. You block the redback's attack.
You block the hornet's attack. The hornet stings you.
The emperor scorpion stings you!
You block the emperor scorpion's attack.
The emperor scorpion claws you.
The jumping spider leaps!
The redback bites you!
* * * LOW HITPOINT WARNING * * *
The jumping spider leaps!
You feel you are being watched by something.
Something hits you but does no damage. Something hits you!
* * * LOW HITPOINT WARNING * * *
Something stings you but does no damage.
The hornet stings you.
Your neqoxec gestures at the redback.
The redback twists and deforms.
The hornet stings you!
* * * LOW HITPOINT WARNING * * *
You feel yourself slow down. The emperor scorpion stings you.
The emperor scorpion claws you.
The emperor scorpion claws you but does no damage.
Something hits you.
You feel weakened. You block something's attack. Something stings you.
Your white imp gestures at the redback.
The puff of frost hits the redback!
The redback dies!
Makhleb accepts your kill.
Your crimson imp is caught in a web!
Your white imp hits the jumping spider but does no damage.
You feel much better.
You feel yourself speed up.
Your crimson imp disappears in a puff of smoke!
You block the hornet's attack. The hornet stings you!
* * * LOW HITPOINT WARNING * * *
You block the hornet's attack. The emperor scorpion stings you!
* * * LOW HITPOINT WARNING * * *
The emperor scorpion claws you but does no damage.
The emperor scorpion claws you!
* * * LOW HITPOINT WARNING * * *
Something hits you but does no damage. x2; Something stings you!
* * * LOW HITPOINT WARNING * * *
You block the hornet's attack. Something hits you. x2
You die...

, ^ , , , ^ ...##,, , ,
,... , ≈^ ...)* , ,≈ ,,.^
. .... ,,, #####≈ .^, ..
, ... ###^≈^## ^##... ..
, *###≈...^^##s.^≈.. , ,
########^......°≈^......
○.^..455≈....○.†ys......
,
5.53^...#s.....3@†s..^..,
,,
.^4^.5......^.5s†y.^≈^^.
^
.355..(5#....≈§5....##^.
, .535^.5..^^≈≈^#####..^.
,,, .≈≈5.^.########
^....^ , ^ ######## ,
...^ * .. ,,,* , ..., *
... ,,,, , , ,.≈. * ...
,, , , *


You could see an emperor scorpion (berserk), a demonic crawler, an orb spider, 2
hornets, 2 jumping spiders, a friendly neqoxec (summoned) and 2 friendly white
imps.

Vanquished Creatures
  An emperor scorpion (Spider:4)
  2 spark wasps (Spider:4)
  3 centaur warriors
  3 two-headed ogres
  3 death yaks (D:8)
  An ogre mage (Orc:2)
  A tengu warrior (D:14)
  An unseen horror (D:11)
  A harpy (D:14)
  11 ugly things (D:14)
  14 wolf spiders
  3 orb spiders
  9 orc sorcerers (Orc:2)
  2 moths of wrath
  A cyclops (D:14)
  A centaur zombie (D:11)
  A torpor snail (Spider:4)
  4 elephants (Lair:1)
  A cane toad (Lair:2)
  2 centaur skeletons
  Psyche (D:10)
  4 demonic crawlers
  Maggie (D:8)
  A freezing wraith (D:14)
  2 trolls (D:11)
  8 jumping spiders
  3 hornets (Spider:4)
  A tengu conjurer (D:14)
  3 hippogriffs
  Grinder (D:6)
  A hippogriff (shapeshifter) (D:14)
  A meliai zombie (D:11)
  2 slime creatures (D:14)
  39 redbacks
  A shadow (D:14)
  16 tarantellas
  10 yaks (Lair:2)
  A wyvern (D:14)
  A basilisk (D:14)
  4 vampire mosquitoes (D:14)
  A steam dragon (D:8)
  2 wargs
  An acid dragon (D:11)
  6 porcupines
  A black bear (D:6)
  An eye of draining (D:11)
  3 ice beasts
  5 orc warriors
  2 sky beasts
  4 ogres
  2 wolves (Lair:2)
  3 crocodiles (Lair:1)
  3 big kobolds
  7 bullfrogs
  A wyvern zombie (D:10)
  8 wights
  2 bullfrog zombies
  2 quasits
  7 orc priests
  2 hounds
  An iguana (D:14)
  Natasha (D:4)
  27 orc wizards
  6 worker ants
  7 adders
  2 river rats (D:8)
  A leopard gecko (D:11)
  36 orcs
  A giant cockroach (D:6)
  2 goblins (D:11)
  2 jackals (D:6)
  2 quokkas (D:8)
  7 kobolds (D:10)
  2 rats (D:8)
326 creatures vanquished.

Vanquished Creatures (collateral kills)
  Arachne (Spider:3)
  A ghost moth (Spider:4)
  A hydra (D:14)
  8 orb spiders
  A moth of wrath (Spider:4)
  3 wolf spiders
  6 jumping spiders (Spider:4)
  A hornet (Spider:3)
  10 redbacks
  A tarantella (Spider:4)
33 creatures vanquished.

Vanquished Creatures (others)
  Sonja (Orc:2)
  A redback (Spider:4)
  An orc wizard (Orc:2)
  4 fungi
  A plant (Lair:4)
8 creatures vanquished.

Grand Total: 367 creatures vanquished

Notes
Turn   | Place    | Note
-------+----------+-------------------------------------------
     0 | D:5      | EnegeticOcto the Deep Dwarf Delver began the quest for the
                  | Orb.
     0 | D:5      | Reached XP level 1. HP: 20/20 MP: 1/1
    14 | D:5      | Noticed a worker ant
    20 | D:5      | Noticed a worker ant
    22 | D:4      | Noticed Natasha
    34 | D:4      | Noticed a crimson imp
    36 | D:4      | Killed Natasha
    36 | D:4      | Reached XP level 2. HP: 15/28 MP: 2/2
    57 | D:5      | Reached skill level 3 in Axes
    57 | D:5      | Reached XP level 3. HP: 16/34 MP: 2/2
    93 | D:6      | Reached skill level 4 in Axes
    93 | D:6      | Reached XP level 4. HP: 22/42 MP: 2/2
   119 | D:6      | Reached skill level 5 in Axes
   119 | D:6      | Reached XP level 5. HP: 32/49 MP: 2/2
   196 | D:7      | Got a wavering silver ring
   197 | D:7      | Identified the ring of Velegala {Str+4 Int+6 Slay+6} (You
                  | found it on level 7 of the Dungeon)
   301 | D:6      | Noticed Grinder
   302 | D:6      | Noticed a black bear
   329 | D:6      | Killed a black bear
   329 | D:6      | Reached skill level 6 in Axes
   329 | D:6      | Reached XP level 6. HP: 24/56 MP: 3/3
   331 | D:6      | Found a staircase to the Ecumenical Temple.
   340 | Temple   | Entered the Ecumenical Temple
   349 | Temple   | Became a worshipper of Ru the Awakened
   398 | D:6      | Paralysed by Grinder for 5 turns
   408 | D:6      | Killed Grinder
   408 | D:6      | Reached skill level 7 in Axes
   408 | D:6      | Reached skill level 1 in Spellcasting
   435 | D:5      | Reached XP level 7. HP: 44/62 MP: 6/6
   523 | D:7      | Reached skill level 8 in Axes
   805 | D:7      | Learned a level 2 spell: Blink
   916 | D:8      | Noticed a steam dragon
   928 | D:8      | Killed a steam dragon
   928 | D:8      | Reached skill level 9 in Axes
   928 | D:8      | Reached XP level 8. HP: 66/69 MP: 9/9
  1002 | D:8      | Noticed a death yak
  1004 | D:8      | Found a staircase to the Lair.
  1004 | D:8      | Noticed a death yak
  1005 | D:8      | Noticed a death yak
  1022 | D:8      | Killed a death yak
  1022 | D:8      | Reached skill level 11 in Axes
  1034 | D:8      | Killed a death yak
  1034 | D:8      | Reached skill level 12 in Axes
  1034 | D:8      | Gained mutation: You passively map the area around you.
                  | [Deep Dwarf growth]
  1034 | D:8      | Reached XP level 9. HP: 51/75 MP: 9/9
  1044 | D:8      | Killed a death yak
  1044 | D:8      | Reached skill level 13 in Axes
  1116 | D:9      | Found a burning altar of Makhleb.
  1144 | D:9      | Fell from the grace of Ru
  1144 | D:9      | Became a worshipper of Makhleb the Destroyer
  1157 | D:8      | Noticed Maggie
  1164 | D:8      | Killed Maggie
  1174 | D:10     | Entered Level 10 of the Dungeon
  1183 | D:10     | Reached skill level 14 in Axes
  1227 | D:10     | Noticed Psyche
  1247 | D:10     | Killed Psyche
  1247 | D:10     | Reached skill level 1 in Invocations
  1291 | D:10     | Reached XP level 10. HP: 67/84 MP: 8/8
  1442 | D:11     | Reached * piety under Makhleb
  1495 | D:11     | Noticed a two-headed ogre
  1509 | D:11     | Killed a two-headed ogre
  1523 | D:11     | Killed an unseen horror
  1523 | D:11     | Reached skill level 15 in Axes
  1523 | D:11     | Reached skill level 5 in Invocations
  1529 | D:11     | Noticed a two-headed ogre
  1541 | D:11     | Reached skill level 5 in Fighting
  1577 | D:11     | Killed a two-headed ogre
  1577 | D:11     | Reached XP level 11. HP: 66/96 MP: 1/5
  1646 | D:11     | Found a staircase to the Orcish Mines.
  1717 | Orc:1    | Entered Level 1 of the Orcish Mines
  1721 | Orc:1    | Reached ** piety under Makhleb
  1728 | Orc:2    | Entered Level 2 of the Orcish Mines
  1732 | Orc:2    | Noticed Sonja
  1736 | Orc:2    | Killed Sonja
  1776 | Orc:2    | Found a staircase to the Elven Halls.
  1819 | Orc:1    | Noticed an orc knight
  1820 | Orc:1    | Noticed an orc sorcerer
  1932 | Orc:2    | Noticed an orc sorcerer
  1933 | Orc:2    | Noticed an orc sorcerer
  1939 | Orc:2    | Killed an orc sorcerer
  1942 | Orc:2    | Noticed an orc sorcerer
  1947 | Orc:2    | Noticed an orc sorcerer
  1949 | Orc:2    | Killed an orc sorcerer
  1955 | Orc:2    | Killed an orc sorcerer
  1962 | Orc:2    | Killed an orc sorcerer
  1962 | Orc:2    | Reached skill level 16 in Axes
  1963 | Orc:2    | Found Gygegg's Gadget Shop.
  1981 | Orc:2    | Found Wyoli's Magic Scroll Boutique.
  1989 | Orc:2    | Bought a scroll of remove curse for 36 gold pieces
  2003 | Orc:2    | Found a radiant altar of Vehumet.
  2003 | Orc:2    | Noticed an ogre mage
  2011 | Orc:2    | Noticed an orc sorcerer
  2013 | Orc:2    | Killed an ogre mage
  2015 | Orc:2    | Noticed an orc sorcerer
  2017 | Orc:2    | Noticed an orc sorcerer
  2026 | Orc:2    | Killed an orc sorcerer
  2028 | Orc:2    | Killed an orc sorcerer
  2035 | Orc:2    | Killed an orc sorcerer
  2043 | Orc:2    | Found a roughly hewn altar of Beogh.
  2043 | Orc:2    | Found Laotuyla's Antique Weapon Shop.
  2044 | Orc:2    | Noticed an orc sorcerer
  2046 | Orc:2    | Noticed an orc sorcerer
  2053 | Orc:2    | Killed an orc sorcerer
  2060 | Orc:2    | Killed an orc sorcerer
  2071 | Orc:2    | Found Zigoirgh's Magic Scroll Shop.
  2079 | Orc:2    | Bought a scroll of blinking for 105 gold pieces
  2097 | Orc:2    | Bought a scroll of brand weapon for 280 gold pieces
  2208 | D:12     | Reached *** piety under Makhleb
  2294 | D:13     | Noticed a centaur warrior
  2306 | D:13     | Killed a centaur warrior
  2324 | D:13     | Noticed a two-headed ogre
  2346 | D:13     | Noticed a centaur warrior
  2355 | D:13     | Killed a centaur warrior
  2355 | D:13     | Reached skill level 17 in Axes
  2360 | D:13     | Killed a two-headed ogre
  2396 | D:14     | Noticed a red ugly thing
  2397 | D:14     | Noticed a red ugly thing
  2397 | D:14     | Noticed a red ugly thing
  2397 | D:14     | Noticed a red ugly thing
  2397 | D:14     | Noticed a red ugly thing
  2400 | D:14     | Reached XP level 12. HP: 73/105 MP: 8/8
  2423 | D:14     | Reached skill level 10 in Invocations
  2433 | D:14     | Noticed a tengu warrior
  2459 | D:14     | Killed a tengu warrior
  2501 | D:14     | Noticed a seven-headed hydra
  2511 | D:14     | Killed an 11-headed hydra
  2511 | D:14     | Reached skill level 18 in Axes
  2587 | D:14     | Reached skill level 1 in Armour
  2587 | D:14     | Reached skill level 1 in Shields
  2587 | D:14     | Reached skill level 1 in Translocations
  2619 | D:14     | Identified the +2 tower shield "Boidd" {rC+ Str+3} (You
                  | found it on level 14 of the Dungeon)
  2649 | D:14     | Noticed a centaur warrior
  2671 | D:14     | Killed a centaur warrior
  2680 | D:14     | Reached **** piety under Makhleb
  2711 | D:14     | Noticed a two-headed ogre
  2908 | Lair:1   | Entered Level 1 of the Lair of Beasts
  2940 | Lair:1   | Reached XP level 13. HP: 112/112 MP: 9/9
  2967 | Lair:2   | Identified Muowk's Compendium of Conjuration and
                  | Displacement
  3131 | Lair:2   | Reached skill level 5 in Shields
  3195 | Lair:4   | Found a hole to the Spider Nest.
  3209 | Spider:1 | Entered Level 1 of the Spider Nest
  3269 | Spider:2 | Reached ***** piety under Makhleb
  3307 | Spider:2 | Reached skill level 5 in Translocations
  3372 | Spider:3 | Reached skill level 5 in Armour
  3375 | Spider:3 | Noticed Arachne
  3405 | Spider:3 | Paralysed by a hornet for 2 turns
  3427 | Spider:3 | Identified the +6 scale mail of Fanaticism {Int+7} (You
                  | found it on level 3 of the Spider Nest)
  3428 | Spider:3 | Killed Arachne
  3478 | Spider:4 | Entered Level 4 of the Spider Nest
  3483 | Spider:4 | Noticed an emperor scorpion
  3502 | Spider:4 | Killed an emperor scorpion
  3528 | Spider:4 | Gained mutation: You resist negative energy. (rN+) [Deep
                  | Dwarf growth]
  3528 | Spider:4 | Reached XP level 14. HP: 123/126 MP: 7/7
  3603 | Spider:4 | Killed a ghost moth
  3641 | Spider:4 | Reached skill level 10 in Shields
  3642 | Spider:4 | Noticed an emperor scorpion
  3667 | Spider:4 | HP: 2/127 [something (5)]
  3667 | Spider:4 | Slain by a ghost moth

Illustrated notes

Levels and vault maps discovered:
D:4:      layout_basic, uniq_natasha
D:5:      layout_cave_pools, grunt_temple_overflow_open, uniq_eustachio
D:6:      layout_basic, minmay_temple_entry_hall, serial_shops, shop,
          uniq_grinder, uniq_sigmund
D:7:      layout_loops_corners, serial_aquarium, aquarium_bridge_long_joined
          [aquarium_subvault_bridge, aquarium_subvault_wall,
          aquarium_subvault_wall, aquarium_subvault_wall,
          aquarium_subvault_wall, aquarium_subvault_wall],
          aquarium_bridge_square [aquarium_subvault_bridge,
          aquarium_subvault_bridge, aquarium_subvault_bridge,
          aquarium_subvault_window], aquarium_window_1, aquarium_window_corner,
          aquarium_window_1, aquarium_view_4, minmay_misc_feat_plants
D:8:      layout_loops_ring, marbit_many_paths, dpeg_lair_monsters,
          serial_shops, shop_coins, uniq_prince_ribbit1, uniq_maggie,
          uniq_maurice
D:9:      layout_irregular_city, nicolae_overflow_crystal_walls, uniq_erolcha
D:10:     layout_basic, serial_bayou_ford_a, uniq_gastronok, uniq_psyche
D:11:     layout_basic, erik_orc_4, blue_anna_alchemist [blue_anna_fruit_fields,
          blue_anna_fruit_fields]
D:12:     layout_roguey, ebering_ghost_gozag, minivault_24, hex_large,
          kennysheep_nondescript
D:13:     layout_loops_corners
D:14:     minmay_the_grid_4x2 [minmay_the_grid_all_tris,
          minmay_the_grid_embedded, minmay_the_grid_medium_cups,
          minmay_the_grid_plusring, minmay_the_grid_small_cups,
          minmay_the_grid_stretched_grid, minmay_the_grid_doors,
          minmay_the_grid_prize_big_room], layout_stronghold,
          grunt_vaults_entry_tiered, serial_shops, kennysheep_mini_moat,
          minmay_parallelograms, uniq_kirke
Temple:   nicolae_temple_no_exploring_needed
Lair:1:   layout_misc_corridors, portal_ice_cave_entry_imps, st_stairs_12,
          infiniplex_staircase_pool
Lair:2:   layout_gridlike, beast_lair_carwin_8, uniq_fannar
Lair:3:   statuecave_lemuel, layout_loops_ring, elwin_shoals_entry_rocks,
          infiniplex_staircase_pool_2
Lair:4:   layout_roguey, spider_nest_entry_webs, hellmonk_ghost_happy_afterlife,
          uniq_rupert
Spider:1: layout_spider_delve
Spider:2: layout_spider_delve, nicolae_spider_nook
Spider:3: layout_spider_delve, drop_trap, minmay_another_anthill, uniq_arachne
Spider:4: grunt_spider_rune_parallel, nicolae_orb_stairs
Orc:1:    orc_temple, layout_caves, uniq_urug, uniq_nergalle
Orc:2:    kennysheep_orc_mage_school, layout_diamond_mine, uniq_azrael,
          uniq_sonja

Skill      XL: |  1  2  3  4  5  6  7  8  9 10 11 12 13 14 |
---------------+-------------------------------------------+-----
Fighting       | 3 5 6 8 |  8.9
Axes           | 3 4 5 6 7 9 12 14 15 17 18 | 18.0
Spellcasting   | 1 2 3 |  3.0
Invocations    | 1 6 9 12 | 12.5
Armour         | 2 6 7 |  7.5
Dodging        | 3 |  3.1
Shields        | 3 9 10 | 10.6
Translocations | 2 5 |  5.0
Stealth        | |  6.3

Action                   |  1- 3 |  4- 6 |  7- 9 | 10-12 | 13-15 || total
-------------------------+-------+-------+-------+-------+-------++-------
Melee: War axe           |    27 |    44 |   123 |   289 |       ||   483
       Broad axe         |       |       |       |   140 |   245 ||   385
Throw: Dart              |       |       |       |     2 |     1 ||     3
Invok: Lesser Servant of |       |       |       |     2 |    22 ||    24
 Abil: Heal Wounds       |     4 |     7 |    19 |    24 |    12 ||    66
Evoke: Wand              |       |       |     7 |     2 |       ||     9
  Use: Scroll            |     1 |     1 |     8 |    12 |     3 ||    25
       Potion            |       |       |     1 |     1 |     8 ||    10
 Stab: Sleeping          |       |     1 |       |       |       ||     1
       Distracted        |       |       |     1 |     2 |     9 ||    12
       Invisible         |       |       |       |    17 |    24 ||    41
Armor: Leather armour    |     6 |    10 |     1 |       |       ||    17
       Chain mail        |       |       |    69 |   125 |       ||   194
       Plate armour      |       |       |       |    79 |   313 ||   392
Dodge: Dodged            |    17 |    33 |    56 |   117 |    91 ||   314
Block: Other             |       |       |       |    41 |       ||    41
       Reflection        |       |       |       |     8 |     2 ||    10
       Tower shield      |       |       |       |    89 |   536 ||   625
       Buckler           |       |       |       |    32 |       ||    32

Table legend: (Time is in decaauts)
 A = Elapsed time spent in this place.
 B = Non-inter-level travel time spent in this place.
 C = Inter-level travel time spent in this place.
 D = Time resting spent in this place.
 E = Time spent auto-exploring this place.
 F = Levels seen in this place.
 G = Mean time per level.
                   A        B        C        D        E       F      G
               +--------+--------+--------+--------+--------+-----+--------+
         Total |   3559 |   3494 |     65 |      0 |      0 |  22 |  161.8 |
       Dungeon |   2405 |   2356 |     49 |      0 |      0 |  11 |  218.6 |
        Temple |     18 |     10 |      8 |      0 |      0 |   1 |   18.0 |
          Lair |    291 |    283 |      8 |      0 |      0 |   4 |   72.8 |
   Spider Nest |    430 |    430 |      0 |      0 |      0 |   4 |  107.5 |
  Orcish Mines |    412 |    412 |      0 |      0 |      0 |   2 |  206.0 |
               +--------+--------+--------+--------+--------+-----+--------+

Top non-repeatable levels by time:
   Orc:2: 388 daAuts
    D:11: 347 daAuts
     D:6: 332 daAuts
     D:7: 315 daAuts
    D:14: 283 daAuts
     D:5: 236 daAuts
     D:8: 234 daAuts
    D:10: 220 daAuts
Spider:4: 172 daAuts
    D:12: 149 daAuts
  Lair:2: 147 daAuts
    D:13: 140 daAuts
     D:9: 118 daAuts
Spider:3: 117 daAuts
Spider:2: 101 daAuts
